 Dungeon Crawl Stone Soup version 0.30-a0-1018-g25214051b3 (webtiles) character file.

Game seed: 12312198944470609177

1956 pokeman the Thaumaturge (level 8, -13/44 HPs)
             Began as a Deep Elf Hedge Wizard on Apr 7, 2023.
             Killed by divine providence
             ... invoked by an orc priest
              (17 damage)
             ... on level 5 of the Dungeon.
             The game lasted 00:11:29 (5160 turns).

pokeman the Thaumaturge (Deep Elf Hedge Wizard)     Turns: 5160, Time: 00:11:29

Health: -13/44     AC:  8    Str: 10    XL:     8   Next: 99%
Magic:  25/33      EV: 17    Int: 22    God:
Gold:   211        SH:  0    Dex: 14    Spells: 20/28 levels left

rFire   . . .      SeeInvis .    A - +2 dagger (venom)
rCold   . . .      Faith    .    (no shield)
rNeg    . . .      Spirit   .    u - +3 leather armour "Ujymiugg" {Str+3}
rPois   .          Reflect  .    n - +0 helmet
rElec   .          Rampage  .    v - +0 cloak
rCorr   .                        (no gloves)
Will    .....                    (no boots)
Stlth   ++                       (no amulet)
HPRegen 0.27/turn                p - +5 ring of evasion
MPRegen 0.23/turn                z - ring of magical power

@: no status effects
A: no striking features
a: no special abilities


You were on level 5 of the Dungeon.
You visited 2 branches of the dungeon, and saw 6 of its levels.

You collected 211 gold pieces.

Inventory:

Hand Weapons
 A - a +2 dagger of venom (weapon)
Armour
 c - a +0 ring mail of poison resistance
 n - a +0 helmet (worn)
 o - +0 shadow dragon scales
 u - the +3 leather armour "Ujymiugg" (worn) {Str+3}
   (You found it on level 3 of the Dungeon)

   Str:       It affects your strength (+3).
 v - a +0 cloak (worn)
Magical Staves
 E - a staff of fire
Jewellery
 p - a +5 ring of evasion (left hand)
 z - a ring of magical power (right hand)
Wands
 r - a wand of roots (5)
 s - a wand of flame (14)
Scrolls
 e - 6 scrolls of identify {unknown}
 h - 3 scrolls of teleportation {unknown}
 k - a scroll of enchant weapon {unknown}
 l - 2 scrolls of vulnerability {unknown}
 q - a scroll of noise {unknown}
 t - a scroll of blinking {unknown}
 w - a scroll of poison {unknown}
 y - a scroll of fog {unknown}
 B - a scroll of silence {unknown}
Potions
 a - 3 potions of degeneration {unknown}
 b - a potion of mutation {unknown}
 d - a potion of magic
 f - 2 potions of might {unknown}
 g - 2 potions of invisibility {unknown}
 i - a potion of brilliance {unknown}
 j - a potion of heal wounds
 m - 3 potions of haste {unknown}
 x - a potion of flight {unknown}
 C - a potion of attraction {unknown}
 D - a potion of curing {unknown}


   Skills:
 + Level 2.2 Fighting
 - Level 3.0 Armour
 - Level 3.0 Dodging
 - Level 3.1 Stealth
 * Level 10.6 Spellcasting
 + Level 5.7 Conjurations
 + Level 4.8 Summonings
 - Level 1.1 Translocations
 - Level 1.0 Air Magic
 - Level 1.1 Poison Magic
 - Level 1.0 Evocations


You had 20 spell levels left.
You knew the following spells:

 Your Spells              Type           Power      Damage    Failure   Level
a - Magic Dart            Conj           100%       1d8       1%          1
b - Mephitic Cloud        Conj/Pois/Air  23%        N/A       8%          3
c - Call Imp              Summ           64%        N/A       1%          2
d - Blink                 Tloc           32%        N/A       7%          2

Your spell library contained the following spells:

 Spells                   Type           Power      Damage    Failure   Level
 Summon Small Mammal      Summ           100%       N/A       1%          1
 Call Canine Familiar     Summ           32%        N/A       3%          3
 Slow                     Hex            44%        N/A       8%          1
 Cigotuvi's Dreadful Rot  Necr/Pois/Air  28%        N/A       9%          2
 Portal Projectile        Hex/Tloc       28%        N/A       19%         3
 Leda's Liquefaction      Hex/Erth       5%         N/A       58%         4
 Silence                  Hex/Air        7%         N/A       86%         5
 Enfeeble                 Hex            5%         N/A       100%        7


Dungeon Overview and Level Annotations

Branches:
Dungeon (5/15)             Temple (1/1) D:5

Altars:
Ashenzari
Dithmenos
Elyvilon
Okawaru
Qazlal
Sif Muna
Trog
Uskayaw
Wu Jian
Xom
Yredelemnul
Zin


Message History

Unknown command.
The orc priest shouts!
You hit the orc wizard.
The orc wizard looks as sick as possible!
The orc wizard is lightly wounded.
The orc priest calls down the wrath of Beogh upon you.
Beogh smites you!
The orc wizard hits you but does no damage.
The gnoll is engulfed in noxious fumes.
The gnoll appears confused.
The gnoll gestures wildly.
Unknown command.
You barely miss the orc wizard.
The orc wizard is moderately wounded.
The orc priest casts a cantrip, but nothing happens.
The orc wizard hits you but does no damage.
Casting: Mephitic Cloud (dangerous; 8% risk of failure)
Confirm with . or Enter, or press ? or * to list all spells.
Aiming: Mephitic Cloud (dangerous; 8% risk of failure)
Press: ? - help, Shift-Dir - straight line, f - gnoll, p - orc wizard
Aim: a gnoll, wielding a +0 spear (confused, chance to affect: 91%)
The ball explodes into a vile cloud!
The stinking cloud engulfs the gnoll but does no damage.
The stinking cloud engulfs the orc wizard but does no damage.
The orc wizard is heavily wounded.
The stinking cloud engulfs the phantom but does no damage.
The gnoll is engulfed in noxious fumes.
The gnoll appears confused.
Unknown command.
Unknown command.
The gnoll is engulfed in noxious fumes.
The gnoll appears confused.
The orc priest mumbles some strange prayers to Beogh against you.
Beogh smites you!
* * * LOW HITPOINT WARNING * * *
The orc priest calls down the wrath of Beogh upon you.
Beogh smites you!
* * * LOW HITPOINT WARNING * * *
You hear a shout!
The orc wizard seems less confused.
The orc priest calls down the wrath of Beogh upon you.
Beogh smites you!
You die...

##....###.##...#
#......######..#######
###.........#.....##..
####...........###..
#.........<#.####..
###..........#.#.##..
##....................
##...........#..####.##
#.....@.###.....# #....
###......g##...###
##...
##......o...#.#### ....
#................# #...
#..##......W..##.# ....
#######..##..°# ....
########o.....# oo....#
.......


You could see a phantom, 3 orc priests, an orc wizard (very poisoned) and a
gnoll (confused).

Vanquished Creatures
  5 yaks (D:5)
  An ice beast (Temple)
  An ogre (D:4)
  2 centaurs (D:5)
  A phantom (D:4)
  2 scorpions
  A howler monkey (D:4)
  4 orc priests (D:4)
  3 hounds
  4 iguanas
  2 orc wizards (D:4)
  Robin (D:4)
  5 adders
  A gnoll (D:3)
  A white imp (D:3)
  2 worms
  A dart slug (D:4)
  16 orcs
  3 bats
  4 endoplasms
  5 giant cockroaches
  17 goblins
  8 hobgoblins
  2 jackals (D:1)
  11 ball pythons
  4 frilled lizards
  6 kobolds
  12 rats
125 creatures vanquished.

Vanquished Creatures (collateral kills)
  A yak (D:5)
  A kobold (D:4)
2 creatures vanquished.

Vanquished Creatures (others)
  7 plants (D:1)
7 creatures vanquished.

Grand Total: 134 creatures vanquished

Notes
Turn   | Place    | Note
-------+----------+-------------------------------------------
     0 | D:1      | pokeman the Deep Elf Hedge Wizard began the quest for the
                  | Orb.
     0 | D:1      | Reached XP level 1. HP: 10/10 MP: 7/7
   177 | D:1      | Reached XP level 2. HP: 9/16 MP: 4/9
   567 | D:1      | Found a faded altar of an unknown god.
   825 | D:2      | Reached skill level 5 in Spellcasting
  1084 | D:2      | Reached XP level 3. HP: 20/20 MP: 9/11
  1100 | D:2      | Learned a level 3 spell: Mephitic Cloud
  1103 | D:2      | Learned a level 2 spell: Call Imp
  1130 | D:2      | Learned a level 2 spell: Blink
  1289 | D:2      | Got the Tome of the Dead and Hexing
  1413 | D:2      | Reached skill level 1 in Fighting
  1526 | D:2      | Reached skill level 1 in Armour
  1803 | D:3      | Identified the +3 leather armour "Ujymiugg" {Str+3}
  1940 | D:3      | Found a shimmering blue altar of Sif Muna.
  1947 | D:3      | Got Sif Muna's Monograph on the Swarm
  1969 | D:3      | Reached XP level 4. HP: 25/25 MP: 2/13
  2053 | D:3      | Found a bloodstained altar of Trog.
  2690 | D:3      | Identified the +8 short sword of the New World {antimagic,
                  | rElec rN+}
  3177 | D:4      | Reached skill level 6 in Spellcasting
  3177 | D:4      | Reached XP level 5. HP: 29/29 MP: 15/15
  3224 | D:4      | Found a glowing silver altar of Zin.
  3298 | D:4      | Reached skill level 1 in Poison Magic
  3298 | D:4      | Reached skill level 1 in Evocations
  3300 | D:4      | Reached skill level 1 in Air Magic
  3300 | D:4      | Reached XP level 6. HP: 31/34 MP: 17/17
  3504 | D:4      | Noticed Robin
  3518 | D:4      | Reached skill level 7 in Spellcasting
  3728 | D:4      | Killed Robin
  3807 | D:4      | Reached XP level 7. HP: 36/39 MP: 17/20
  4259 | D:4      | Reached skill level 8 in Spellcasting
  4598 | D:5      | Entered Level 5 of the Dungeon
  4616 | D:5      | Found a staircase to the Ecumenical Temple.
  4622 | Temple   | Entered the Ecumenical Temple
  4913 | D:5      | Noticed a yak
  4913 | D:5      | Noticed a yak
  4915 | D:5      | Noticed a yak
  4917 | D:5      | Noticed a yak
  4922 | D:5      | Noticed a yak
  4925 | D:5      | Noticed a yak
  4931 | D:5      | Killed a yak
  4933 | D:5      | Killed a yak
  4934 | D:5      | Reached skill level 9 in Spellcasting
  4934 | D:5      | Reached XP level 8. HP: 38/44 MP: 22/23
  4947 | D:5      | Reached skill level 5 in Conjurations
  4954 | D:5      | Reached skill level 10 in Spellcasting
  5074 | D:5      | Found an ornate altar of the Wu Jian Council.
  5160 | D:5      | Killed from afar by an orc priest

Illustrated notes

Levels and vault maps discovered:
D:1:      roderic_crop_circles_arrival_small, layout_rooms,
          shapermc_ecumenical_altar_pompeii, hex_medium
D:2:      layout_basic, grunt_ministairs_9, minmay_domino_2
D:3:      layout_basic, nzn_overflow_gifts_of_might_and_magic,
          amcnicky_mini_corridor_feature
D:4:      layout_cave_pods, zin_academy, uniq_robin
D:5:      layout_cave_pools, nzn_wu_jian_contemplation, vehumet_crystals,
          minmay_temple_entry_statues_pillars, minmay_manual_mares
Temple:   nicolae_temple_godpark

Skill      XL: |  1  2  3  4  5  6  7  8 |
---------------+-------------------------+-----
Spellcasting   | 5 6 7 9 10 | 10.6
Fighting       | 1 2 |  2.2
Armour         | 1 2 3 |  3.0
Conjurations   | 2 3 4 5 |  5.7
Dodging        | 3 |  3.0
Stealth        | 3 |  3.1
Poison Magic   | 1 |  1.1
Evocations     | 1 |  1.0
Air Magic      | 1 |  1.0
Summonings     | 2 3 4 |  4.8
Translocations | |  1.1

Action                     |  1- 3 |  4- 6 |  7- 9 || total
---------------------------+-------+-------+-------++-------
  Melee: Dagger            |    49 |    22 |    47 ||   118
         Punch             |     1 |     1 |     2 ||     4
         Flail             |       |    31 |       ||    31
         Mace              |       |     2 |       ||     2
   Cast: Magic Dart        |   106 |    67 |    61 ||   234
         Mephitic Cloud    |     1 |    13 |    11 ||    25
         Call Imp          |     1 |     4 |     5 ||    10
         Blink             |       |       |     1 ||     1
   Stab: Confused          |     1 |     2 |     8 ||    11
         Distracted        |       |       |     1 ||     1
 Armour: Robe              |    12 |       |       ||    12
         Leather armour    |       |    21 |    11 ||    32
  Dodge: Dodged            |    38 |    82 |    30 ||   150

Table legend: (Time is in decaauts)
 A = Elapsed time spent in this place.
 B = Non-inter-level travel time spent in this place.
 C = Inter-level travel time spent in this place.
 D = Time resting spent in this place.
 E = Time spent auto-exploring this place.
 F = Levels seen in this place.
 G = Mean time per level.
                   A        B        C        D        E       F      G
               +--------+--------+--------+--------+--------+-----+--------+
         Total |   5183 |   4961 |    222 |    165 |   3798 |   6 |  863.8 |
       Dungeon |   5031 |   4826 |    205 |    165 |   3706 |   5 | 1006.2 |
        Temple |    152 |    135 |     17 |      0 |     92 |   1 |  152.0 |
               +--------+--------+--------+--------+--------+-----+--------+

Top non-repeatable levels by time:
     D:3: 1471 daAuts
     D:4: 1344 daAuts
     D:2: 941 daAuts
     D:1: 853 daAuts
     D:5: 419 daAuts
  Temple: 152 daAuts
